 Dungeon Crawl Stone Soup version 0.19.0-19-g8c6edcc (webtiles) character file.

754 Monsterracer the Cleaver (level 7, -1/61 HPs)
             Began as a Hill Orc Monk on Nov 12, 2016.
             Slain by Prince Ribbit (8 damage)
             ... on level 5 of the Dungeon.
             The game lasted 00:07:02 (2998 turns).

Monsterracer the Cleaver (Hill Orc Monk)            Turns: 2998, Time: 00:07:03

Health: -1/61      AC: 14    Str: 14    XL:     7   Next: 79%
Magic:  7/7        EV:  7    Int: 10    God:
Gold:   237        SH:  0    Dex: 15    Spells: 0 memorised, 6 levels left

rFire  + . .     SeeInvis .     a - +0 hand axe
rCold  . . .     Gourm    .     g - +0 chain mail
rNeg   . . .     Faith    .     (no shield)
rPois  .         Spirit   .     s - +0 helmet (curse)
rElec  .         Reflect  .     d - +0 cloak
rCorr  .         Harm     .     (no gloves)
MR     .....                    (no boots)
Stlth  ..........               (no amulet)
                                n - +3 ring of protection
                                j - ring of protection from fire

@: lethally poisoned (-1 -> -1)
A: no striking features
a: no special abilities


You were on level 5 of the Dungeon.
You were near starving.

You visited 1 branch of the dungeon, and saw 5 of its levels.

You collected 237 gold pieces.

Inventory:

Hand Weapons
 a - a +0 hand axe (weapon)
Armour
 d - a +0 cloak (worn)
 g - a +0 chain mail (worn)
 s - a cursed +0 helmet (worn)
Jewellery
 j - a ring of protection from fire (left hand)
 n - a +3 ring of protection (right hand)
 p - a +1 ring of slaying {unknown}
Scrolls
 b - 3 scrolls of identify {unknown}
 f - a scroll of fear {unknown}
 h - a scroll of remove curse {unknown}
 i - a scroll of enchant armour {unknown}
 k - 2 scrolls of teleportation {unknown}
 m - a scroll of amnesia {unknown}
 q - a scroll of magic mapping {unknown}
 r - a scroll of noise {unknown}
 t - a scroll of recharging {unknown}
Potions
 e - a potion of heal wounds
 l - a potion of flight
 u - 2 potions of curing
Comestibles
 c - 2 bread rations
 o - 2 slices of pizza


   Skills:
 + Level 5.1 Fighting
 * Level 9.9 Axes
 + Level 3.4 Armour
 - Level 2.4 Dodging
 - Level 1.5 Stealth


You had 6 spell levels left.
You didn't know any spells.

Dungeon Overview and Level Annotations

Branches:
Dungeon (5/15)
 Temple: D:4-7

Altars:
Cheibriados

Annotations:
D:5 Prince Ribbit


Message History

You are too injured to fight recklessly!
Prince Ribbit blinks!
You hit Prince Ribbit.
Prince Ribbit is lightly wounded.
You feel sick. Prince Ribbit barely misses you.
You hit Prince Ribbit.
Prince Ribbit is lightly wounded.
Prince Ribbit barely misses you.
Prince Ribbit hits you but does no damage.
You miss Prince Ribbit.
Prince Ribbit is lightly wounded.
Prince Ribbit hits you!
* * * LOW HITPOINT WARNING * * *
You hit Prince Ribbit but do no damage.
Prince Ribbit is lightly wounded.
Prince Ribbit blinks!
You slash Prince Ribbit!
Prince Ribbit is moderately wounded.
You feel sick. Prince Ribbit hits you!
You die...

#.. #.# #.# #.# #.#
# #.# .# ###.###
#.## #....<#
####...#### #.#.#.#
#..@F......
#.#.#.####.##...####
#.#..........#..#
#.###.####.#.#..#
#.###.# #......#
#.....# ########
#######


You could see Prince Ribbit.

Vanquished Creatures
  Grinder (D:4)
  The ghost of Mlkhall the Changer, an amateur MfTm (D:4)
  A howler monkey (D:5)
  A hound (D:4)
  Jessica (D:2)
  An iguana (D:4)
  Natasha (twice) (D:4)
  A worker ant (D:5)
  Robin (D:4)
  11 adders
  2 oozes
  A worm (D:3)
  3 dart slugs
  3 leopard geckos
  5 orcs
  5 giant cockroaches
  21 goblins
  11 hobgoblins
  3 jackals (D:1)
  A quokka (D:3)
  3 ball pythons
  5 bats
  8 frilled lizards
  10 kobolds
  A leopard gecko skeleton (D:4)
  8 rats
111 creatures vanquished.

Notes
Turn   | Place    | Note
-------+----------+-------------------------------------------
     0 | D:1      | Monsterracer the Hill Orc Monk began the quest for the Orb.
     0 | D:1      | Reached XP level 1. HP: 19/19 MP: 1/1
    79 | D:1      | Reached XP level 2. HP: 20/26 MP: 2/2
   272 | D:1      | Reached skill level 5 in Axes
   423 | D:1      | Reached XP level 3. HP: 30/31 MP: 3/3
   575 | D:2      | Noticed Jessica
   581 | D:2      | Killed Jessica
   581 | D:2      | Reached skill level 6 in Axes
   581 | D:2      | Reached XP level 4. HP: 34/39 MP: 4/4
   958 | D:2      | Reached skill level 7 in Axes
  1127 | D:2      | Found a snail-covered altar of Cheibriados.
  1136 | D:2      | Reached XP level 5. HP: 34/45 MP: 5/5
  1648 | D:3      | Reached skill level 8 in Axes
  2053 | D:4      | Reached skill level 1 in Armour
  2053 | D:4      | Reached XP level 6. HP: 39/52 MP: 6/6
  2147 | D:4      | Noticed Grinder
  2155 | D:4      | Paralysed by Grinder for 5 turns
  2163 | D:4      | Paralysed by Grinder for 5 turns
  2212 | D:4      | Paralysed by Grinder for 5 turns
  2238 | D:4      | Killed Grinder
  2238 | D:4      | Reached skill level 9 in Axes
  2238 | D:4      | Reached XP level 7. HP: 31/60 MP: 7/7
  2371 | D:4      | Noticed Mlkhall's ghost (amateur MfTm)
  2399 | D:4      | Killed Mlkhall's ghost
  2428 | D:4      | Noticed Robin
  2450 | D:4      | Killed Robin
  2781 | D:4      | Noticed Natasha
  2806 | D:4      | Killed Natasha
  2806 | D:4      | Reached skill level 5 in Fighting
  2868 | D:4      | Noticed Natasha
  2877 | D:4      | Killed Natasha
  2936 | D:5      | Entered Level 5 of the Dungeon
  2952 | D:5      | Noticed Prince Ribbit
  2998 | D:5      | Slain by Prince Ribbit

Skill      XL: |  1  2  3  4  5  6  7 |
---------------+----------------------+-----
Axes           | 5 6 7 8 9 |  9.9
Armour         | 1 2 3 |  3.4
Fighting       | 4 5 |  5.1
Dodging        | |  2.4
Stealth        | |  1.5

Action                   |  1- 3 |  4- 6 |  7- 9 || total
-------------------------+-------+-------+-------++-------
Melee: Hand axe          |    71 |   308 |   131 ||   510
  Use: Potion            |     2 |     7 |       ||     9
 Stab: Sleeping          |     3 |       |       ||     3
  Eat: Chunk             |       |     5 |     1 ||     6
Armor: Robe              |     8 |       |       ||     8
       Chain mail        |    14 |   204 |    78 ||   296
       Skin              |       |    32 |       ||    32
Dodge: Dodged            |    42 |    70 |    53 ||   165
